Map: Distant Plane

Players

DevilDog

  • Race: Protoss Protoss
  • League: Diamond

Bankorok

  • Race: Protoss Protoss
  • League: Diamond

Tenonee - Winner!

  • Race: Zerg Zerg
  • League: Diamond

Goose - Winner!

  • Race: Protoss Protoss

VOD

Have the link to the VOD?

Description

Time

  • Played on: July 29, 2016, 8:14 a.m.
  • Length: 9:18
Show
View Real Time Build Order
Export as new Build Order

DevilDog Protoss 

Build Orders:  

Get SALT Encoding   

  12  0:01  Probe (Chrono Boost)  
  13  0:11  Probe (Chrono Boost)  
  14  0:20  Pylon  
  14  0:23  Probe (Chrono Boost)  
  15  0:38  Probe (Chrono Boost), Gateway  
  16  0:49  Probe (Chrono Boost), Assimilator  
  17  0:59  Probe (Chrono Boost)  
  18  1:06  Assimilator  
  18  1:10  Probe (Chrono Boost)  
  19  1:20  Probe (Chrono Boost)  
  20  1:26  Cybernetics Core  
  20  1:31  Probe (Chrono Boost)  
  21  1:41  Probe (Chrono Boost)  
  21  1:44  Pylon  
  22  1:52  Probe (Chrono Boost)  
  23  2:02  Probe (Chrono Boost)  
  24  2:13  Probe (Chrono Boost)  
  25  2:21  Adept  
  25  2:22  Nexus  
  27  2:23  Probe (Chrono Boost)  
  28  2:32  Pylon  
  28  2:34  Probe (Chrono Boost)  
  29  2:45  Probe (Chrono Boost), Warp Gate  
  30  2:54  Sentry  
  32  3:00  Probe (Chrono Boost)  
  32  3:04  Gateway  
  33  3:06  Gateway  
  32  3:23  Sentry  
  34  3:33  Probe (Chrono Boost)  
  35  3:37  Robotics Facility  
  35  3:40  Probe (Chrono Boost)  
  36  3:43  Gateway  
  36  3:49  Pylon  
  36  3:51  Adept  
  38  4:00  Probe (Chrono Boost), Pylon  
  39  4:05  Forge  
  39  4:11  Probe x2 (Chrono Boost)  
  41  4:21  Probe (Chrono Boost), Warp Prism  
  41  4:23  Probe (Chrono Boost)  
  43  4:27  Protoss Ground Weapons Level 1  
  45  4:35  Gateway  
  45  4:37  Gateway  
  45  4:40  Assimilator  
  45  4:52  Probe (Chrono Boost)  
  47  4:53  Probe (Chrono Boost)  
  47  4:55  Pylon  
  47  4:59  Stalker  
  49  5:00  Gateway  
  49  5:14  Assimilator  
  49  5:17  Probe (Chrono Boost)  
  49  5:18  Probe (Chrono Boost)  
  49  5:20  Pylon  
  51  5:25  Pylon  
  51  5:30  Probe (Chrono Boost)  
  52  5:39  Adept x4  
  61  5:50  Observer  
  61  5:53  Photon Cannon  
  61  5:55  Photon Cannon  
  61  6:04  Adept x2  
  61  6:05  Adept x2  
  69  6:30  Stalker x6  
  69  6:31  Stalker  
  81  6:35  Warp Prism  
  67  6:57  Stalker x4  
  67  6:58  Stalker  
  61  7:09  Protoss Shields Level 1  
  51  7:20  Probe (Chrono Boost)  
  51  7:21  Probe (Chrono Boost)  
  49  7:27  Stalker x4  
  53  7:31  Pylon  
  53  7:49  Stargate  
  53  7:55  Adept x3  
  59  8:04  Nexus  
  57  8:10  Stalker  
  57  8:11  Stalker x2  
  59  8:18  Zealot  
  59  8:19  Zealot  
  63  8:23  Sentry x2  
  67  8:34  Zealot  
  67  8:35  Stalker x2  
  59  8:49  Stalker x2  
  59  8:50  Stalker  
  55  9:01  Stalker  
  55  9:02  Stalker  
Show
View Real Time Build Order
Export as new Build Order

Bankorok Protoss 

Build Orders:  

Get SALT Encoding   

  12  0:01  Probe (Chrono Boost)  
  13  0:11  Probe (Chrono Boost)  
  14  0:22  Pylon  
  14  0:24  Probe (Chrono Boost)  
  15  0:40  Gateway  
  16  0:42  Probe (Chrono Boost)  
  16  0:48  Assimilator  
  16  0:53  Probe (Chrono Boost), Assimilator  
  17  1:03  Probe (Chrono Boost)  
  18  1:14  Probe (Chrono Boost)  
  19  1:25  Probe (Chrono Boost)  
  20  1:28  Cybernetics Core  
  20  1:40  Probe (Chrono Boost)  
  21  2:03  Nexus  
  21  2:06  Pylon  
  21  2:12  Robotics Facility  
  21  2:17  Stalker  
  23  2:34  Probe (Chrono Boost)  
  24  2:40  Forge  
  24  2:42  Pylon  
  24  2:46  Probe (Chrono Boost)  
  25  2:58  Robotics Facility  
  25  3:04  Adept  
  25  3:05  Probe (Chrono Boost), Pylon  
  29  3:21  Probe (Chrono Boost), Warp Gate  
  29  3:29  Photon Cannon  
  29  3:33  Adept  
  31  3:45  Probe (Chrono Boost)  
  31  3:47  Probe (Chrono Boost)  
  33  3:50  Warp Prism  
  35  4:00  Adept  
  37  4:04  Protoss Ground Weapons Level 1  
  37  4:09  Probe (Chrono Boost)  
  39  4:11  Probe (Chrono Boost)  
  39  4:27  Adept  
  39  4:30  Observer  
  42  4:38  Probe (Chrono Boost)  
  44  4:39  Probe (Chrono Boost)  
  44  4:41  Assimilator  
  44  4:51  Observer  
  45  4:57  Gateway  
  45  4:58  Gateway  
  45  4:59  Gateway  
  45  5:04  Gateway  
  45  5:09  Gateway  
  45  5:12  Probe (Chrono Boost)  
  45  5:14  Probe (Chrono Boost)  
  47  5:29  Probe (Chrono Boost), Assimilator  
  47  5:30  Probe (Chrono Boost), Pylon  
  49  5:36  Pylon  
  49  5:38  Pylon  
  49  5:40  Pylon  
  49  5:48  Twilight Council  
  49  5:51  Pylon  
  49  5:52  Pylon  
  49  5:57  Sentry x2  
  49  5:58  Sentry x2  
  39  6:30  Adept x4  
  39  6:31  Adept  
  45  6:36  Probe (Chrono Boost)  
  45  6:38  Probe (Chrono Boost)  
  47  6:43  Observer  
  48  6:56  Nexus  
  48  7:07  Warp Prism  
  40  7:43  Immortal  
  44  7:49  Adept x3  
  44  7:50  Adept x3, Robotics Facility  
  56  7:51  Robotics Bay  
  57  8:00  Probe x2 (Chrono Boost)  
  58  8:12  Probe x2 (Chrono Boost)  
  59  8:13  Probe (Chrono Boost)  
  59  8:16  Adept x2  
  59  8:18  Sentry  
  65  8:20  Sentry  
  65  8:26  Sentry x2  
  65  8:48  Stalker  
  65  8:49  Stalker x4  
  57  8:59  Adept x4  
  57  9:00  Adept x2  
Show
View Real Time Build Order
Export as new Build Order

Tenonee Zerg - Winner!

Build Orders: Hatch First 

Get SALT Encoding   

  12  0:01  Drone  
  13  0:13  Overlord  
  13  0:18  Drone  
  14  0:32  Drone x2  
  16  0:38  Drone  
  17  0:46  Drone  
  18  1:00  Hatchery  
  17  1:04  Drone  
  17  1:08  Extractor  
  17  1:20  Spawning Pool  
  17  1:24  Drone  
  17  1:31  Drone x2  
  19  1:43  Overlord  
  19  1:55  Drone  
  20  2:02  Drone  
  20  2:07  Queen  
  23  2:17  Metabolic Boost  
  23  2:19  Queen  
  25  2:27  Drone  
  25  2:28  Drone x2  
  28  2:35  Drone x2  
  30  2:38  Drone  
  31  2:45  Queen  
  33  2:54  Overlord  
  32  3:20  Queen  
  32  3:22  Drone x4  
  32  3:25  Roach Warren  
  37  3:29  Overlord  
  37  3:35  Drone x3  
  37  3:36  Drone x2  
  42  3:53  Drone x2  
  42  3:55  Lair  
  44  3:57  Extractor  
  44  3:58  Extractor x2  
  41  4:07  Drone  
  41  4:08  Drone x3  
  41  4:09  Drone x3  
  48  4:23  Overlord x2  
  48  4:28  Hatchery  
  48  4:30  Drone x2  
  49  4:32  Drone  
  49  4:37  Overlord  
  50  4:42  Overlord  
  50  4:49  Drone x2  
  52  5:03  Glial Reconstitution  
  52  5:06  Drone  
  53  5:09  Hydralisk Den  
  53  5:13  Overlord  
  52  5:17  Drone x3  
  52  5:19  Evolution Chamber  
  52  5:20  Evolution Chamber  
  53  5:41  Zergling x2  
  54  5:48  Zerg Ground Armor Level 1, Zerg Melee Weapons Level 1  
  54  5:50  Muscular Augments  
  54  5:56  Extractor  
  53  5:58  Extractor  
  53  5:59  Drone x3  
  53  6:00  Drone x3  
  53  6:01  Drone x2  
  53  6:02  Drone x4  
  64  6:07  Roach  
  64  6:08  Roach x5  
  75  6:22  Roach x2  
  75  6:23  Roach x2  
  75  6:25  Overlord x2  
  74  6:39  Hydralisk x3, Roach  
  78  6:47  Queen  
  78  6:53  Hydralisk x2  
  82  6:54  Roach x3  
  84  7:08  Hydralisk x2  
  84  7:09  Hydralisk, Roach x3  
  84  7:10  Roach  
  98  7:20  Overlord x3  
  98  7:38  Hydralisk x3, Queen  
  98  7:39  Roach x4  
  114  7:47  Lurker Den  
  114  7:58  Drone  
  114  7:59  Drone  
  114  8:00  Drone x2  
  112  8:13  Queen  
  112  8:15  Ravager x2  
  112  8:16  Ravager x4  
  112  8:18  Roach  
  122  8:20  Overlord x2  
  122  8:28  Overlord  
  122  8:34  Spire  
Show
View Real Time Build Order
Export as new Build Order

Goose Protoss - Winner!

Build Orders: Blink Stalkers 

Get SALT Encoding   

  12  0:01  Probe (Chrono Boost)  
  13  0:12  Probe (Chrono Boost)  
  14  0:19  Pylon  
  14  0:22  Probe (Chrono Boost)  
  15  0:37  Probe (Chrono Boost)  
  16  0:45  Gateway  
  16  0:47  Probe (Chrono Boost)  
  17  0:51  Assimilator  
  17  0:58  Probe (Chrono Boost)  
  17  1:01  Assimilator  
  18  1:08  Pylon  
  18  1:09  Probe (Chrono Boost)  
  19  1:19  Probe (Chrono Boost)  
  20  1:30  Probe (Chrono Boost)  
  20  1:32  Cybernetics Core  
  21  1:40  Probe (Chrono Boost)  
  22  1:51  Probe (Chrono Boost)  
  23  2:02  Nexus  
  23  2:07  Probe (Chrono Boost)  
  24  2:10  Warp Gate  
  24  2:18  Mothership Core (Chrono Boost)  
  26  2:27  Pylon  
  26  2:36  Probe (Chrono Boost)  
  27  2:47  Probe (Chrono Boost)  
  28  2:53  Gateway  
  28  2:57  Probe (Chrono Boost)  
  29  3:15  Probe (Chrono Boost)  
  29  3:18  Robotics Facility  
  30  3:21  Twilight Council  
  30  3:24  Probe (Chrono Boost)  
  30  3:25  Probe (Chrono Boost)  
  32  3:34  Probe (Chrono Boost)  
  32  3:36  Probe (Chrono Boost), Pylon  
  34  3:46  Probe (Chrono Boost)  
  35  3:48  Forge  
  35  3:52  Probe (Chrono Boost)  
  36  3:57  Probe (Chrono Boost)  
  36  3:59  Blink  
  36  4:02  Probe (Chrono Boost)  
  38  4:06  Immortal  
  42  4:12  Stalker  
  42  4:14  Stalker  
  46  4:21  Pylon  
  48  4:24  Probe x2 (Chrono Boost)  
  48  4:27  Assimilator  
  48  4:30  Protoss Ground Weapons Level 1  
  48  4:34  Probe (Chrono Boost)  
  49  4:42  Stalker  
  49  4:43  Stalker  
  49  4:44  Probe (Chrono Boost)  
  49  4:45  Probe (Chrono Boost), Observer  
  56  4:54  Assimilator  
  56  4:55  Probe x2 (Chrono Boost)  
  58  5:14  Probe x2 (Chrono Boost)  
  60  5:20  Nexus  
  60  5:23  Pylon  
  60  5:24  Immortal, Pylon  
  60  5:28  Stalker  
  66  5:32  Stalker  
  68  5:41  Probe (Chrono Boost), Robotics Bay  
  70  5:42  Probe (Chrono Boost)  
  70  5:49  Photon Cannon  
  70  5:52  Photon Cannon  
  70  5:57  Stalker  
  72  6:05  Immortal  
  76  6:30  Probe (Chrono Boost)  
  76  6:31  Probe (Chrono Boost), Stalker x2  
  82  6:41  Probe (Chrono Boost)  
  80  6:54  Immortal  
  67  7:17  Pylon  
  67  7:18  Probe (Chrono Boost), Pylon  
  67  7:20  Gateway x2  
  68  7:22  Robotics Facility  
  68  7:24  Gateway  
  68  7:28  Probe (Chrono Boost)  
  68  7:29  Probe (Chrono Boost)  
  57  7:38  Probe (Chrono Boost)  
  57  7:39  Probe (Chrono Boost)  
  57  7:40  Probe (Chrono Boost)  
  60  7:49  Probe (Chrono Boost)  
  60  7:50  Probe (Chrono Boost)  
  60  7:51  Probe (Chrono Boost)  
  63  7:55  Colossus  
  63  7:58  Forge  
  69  7:59  Probe (Chrono Boost), Stalker  
  69  8:00  Probe (Chrono Boost)  
  69  8:01  Probe (Chrono Boost), Stalker  
  76  8:10  Probe (Chrono Boost)  
  76  8:11  Probe (Chrono Boost)  
  78  8:20  Colossus  
  78  8:22  Probe (Chrono Boost)  
  85  8:27  Assimilator  
  85  8:29  Stalker x2  
  85  8:31  Assimilator  
  85  8:32  Probe (Chrono Boost)  
  85  8:34  Stalker  
  92  8:43  Probe (Chrono Boost)  
Tags
 
Add a new tag
Caveats
  • Supply blocks, unpowered buildings, or Contaminate may cause inaccurate times.
  • Supply counts are checked every 10 seconds.